 Dungeon Crawl Stone Soup version 0.20.0-4-g10b340a (webtiles) character file.

165 skittles the Firebug (level 5, -7/38 HPs)
             Began as a Draconian Fire Elementalist on May 27, 2017.
             Killed by nerve-wracking pain
             ... invoked by Grinder
              (10 damage)
             ... while paralysed by Grinder
             ... on level 3 of the Dungeon.
             The game lasted 00:06:58 (3324 turns).

skittles the Firebug (Draconian Fire Elementalist)  Turns: 3324, Time: 00:06:59

Health: -7/38      AC:  6    Str: 10    XL:     5   Next: 21%
Magic:  8/8        EV:  2    Int: 16    God:
Gold:   90         SH:  0    Dex: 12    Spells: 7/8 levels left

rFire    . . .     SeeInvis .   c - +0 spear
rCold    . . .     Gourm    .   (no shield)
rNeg     . . .     Faith    .   (armour unavailable)
rPois    .         Spirit   .   (helmet restricted)
rElec    .         Reflect  .   (no cloak)
rCorr    .         Harm     .   d - +0 pair of gloves
MR       .....                  (no boots)
Stlth    ++........             (no amulet)
Regen    0.2/turn               (no ring)
MPRegen  0.2/turn               (no ring)

@: paralysed
A: unfitting armour, cold-blooded, AC +5
a: no special abilities


You were on level 3 of the Dungeon.
You were hungry.

You visited 1 branch of the dungeon, and saw 3 of its levels.

You collected 90 gold pieces.

Inventory:

Hand Weapons
 c - a +0 spear (weapon)
 k - a +0 hand axe
Armour
 d - a +0 pair of gloves (worn)
Scrolls
 g - a scroll of identify {unknown}
 h - a scroll of enchant weapon {unknown}
 l - a scroll of magic mapping {unknown}
 m - 2 scrolls of fog {unknown}
 o - 2 scrolls of remove curse {unknown}
 s - a scroll of blinking {unknown}
Potions
 e - a potion of haste {unknown}
 f - 4 potions of curing {unknown}
 i - a potion of mutation {unknown}
 j - 3 potions of heal wounds {unknown}
 n - a potion of lignification {unknown}
Books
 a - a book of Flames

   Spells                             Type                      Level
   a - Flame Tongue                   Conjuration/Fire             1
   b - Throw Flame                    Conjuration/Fire             2
   c - Conjure Flame                  Conjuration/Fire             3
   d - Inner Flame                    Hexes/Fire                   3
   e - Sticky Flame                   Conjuration/Fire             4
   f - Fireball                       Conjuration/Fire             5
Comestibles
 b - a bread ration
 p - 3 fruits
 q - a royal jelly
 r - 3 meat rations


   Skills:
 - Level 1.7 Dodging
 - Level 1.7 Stealth
 - Level 2.0 Spellcasting
 + Level 3.9 Conjurations
 + Level 4.4 Fire Magic


You had 7 spell levels left.
You knew the following spells:

 Your Spells              Type           Power        Failure   Level  Hunger
a - Flame Tongue          Conj/Fire      ###..        3%          1    #......


Dungeon Overview and Level Annotations

Branches:
Dungeon (3/15)

Altars:

Annotations:
D:3 Grinder


Innate Abilities, Weirdness & Mutations

Your plain brown scales are hard. (AC +5)
You cannot fit into any form of body armour.
You are cold-blooded and may be slowed by cold attacks.


Message History

Casting: Flame Tongue
Confirm with . or Enter, or press ? or * to list all spells.
You don't know that spell.
Unknown command.
You hit Grinder but do no damage. Grinder gestures at you.
You suddenly lose the ability to move!
Grinder hits you.
You writhe in agony.
Grinder hits you.
You writhe in agony.
Grinder gestures at you. You resist with significant effort. Grinder hits you.
You writhe in agony.
* * * LOW HITPOINT WARNING * * *
Grinder hits you!
* * * LOW HITPOINT WARNING * * *
You writhe in agony.
* * * LOW HITPOINT WARNING * * *
Grinder gestures at you. Pain shoots through your body!
You die...

#############
###............
..(......### #
###.####...## #.
#.###.†##.######.#
###.#####(##.#.<@.........
..............(5##.#####..
###.#.....##.#.###.#
#.#.#######..##.## #.#.##
##...# #....#######.###
#..#..5.....5######.#
##>..########........
##.## #.#####.#


You could see Grinder.

Vanquished Creatures
  Natasha (twice) (D:2)
  4 adders
  3 worms
  A dart slug (D:2)
  6 leopard geckos
  5 orcs (D:1)
  3 giant cockroaches
  6 goblins
  7 hobgoblins
  A ball python (D:2)
  10 bats
  4 frilled lizards
  3 kobolds
  4 rats
59 creatures vanquished.

Notes
Turn   | Place    | Note
-------+----------+-------------------------------------------
     0 | D:1      | skittles the Draconian Fire Elementalist began the quest for the Orb.
     0 | D:1      | Reached XP level 1. HP: 14/14 MP: 3/3
   473 | D:1      | Reached XP level 2. HP: 20/20 MP: 0/5
  1202 | D:1      | Reached XP level 3. HP: 26/26 MP: 3/6
  1800 | D:2      | Noticed Natasha
  2077 | D:2      | Killed Natasha
  2077 | D:2      | Reached skill level 4 in Fire Magic
  2077 | D:2      | Reached XP level 4. HP: 33/33 MP: 2/7
  2649 | D:2      | Noticed Natasha
  2664 | D:2      | Killed Natasha
  2664 | D:2      | Reached XP level 5. HP: 24/38 MP: 3/8
  3111 | D:3      | Noticed Grinder
  3133 | D:3      | Paralysed by Grinder for 3 turns
  3318 | D:3      | Paralysed by Grinder for 7 turns
  3324 | D:3      | Killed from afar by Grinder

Skill      XL: |  1  2  3 |
---------------+----------+-----
Conjurations   | 2 3 |  3.9
Fire Magic     | 4 |  4.4
Dodging        | |  1.7
Stealth        | |  1.7
Spellcasting   | |  2.0

Action                   |  1- 3 |  4- 6 || total
-------------------------+-------+-------++-------
Melee: Club              |    63 |       ||    63
       Tailslap          |    11 |     2 ||    13
       Spear             |    14 |    51 ||    65
       Hand axe          |     2 |       ||     2
 Cast: Flame Tongue      |    40 |    31 ||    71
 Stab: Sleeping          |     3 |     1 ||     4
       Distracted        |       |     1 ||     1
  Eat: Chunk             |     3 |     5 ||     8
Armor: Skin              |    25 |    28 ||    53
Dodge: Dodged            |    67 |    49 ||   116
